 Dungeon Crawl Stone Soup version 0.31-a0-986-g5e6e4ef867 (webtiles) character file.

Game seed: 17279446813755907345

71 Lobster4 the Caller (level 4, -4/32 HPs)
             Began as a Merfolk Summoner on Nov 18, 2023.
             Slain by a gnoll
             ... wielding a +0 flail
              (13 damage)
             ... on level 2 of the Dungeon.
             The game lasted 00:04:30 (1131 turns).

Lobster4 the Caller (Merfolk Summoner)              Turns: 1131, Time: 00:04:30

Health: -4/32      AC:  4    Str:  8    XL:     4   Next: 24%
Magic:  1/7        EV: 13    Int: 16    God:
Gold:   40         SH:  0    Dex: 14    Spells: 5/8 levels left

rFire   . . .        j - +0 short sword
rCold   . . .        (no shield)
rNeg    . . .        a - +0 robe
rPois   .            c - +0 helmet
rElec   .            (no cloak)
rCorr   .            (no gloves)
SInv    .            i - +0 pair of boots
Will    .....        (no amulet)
Stlth   ++           (no ring)
HPRegen 0.25/turn    (no ring)
MPRegen 0.10/turn

%: no passive effects
@: no status effects
A: (nimble swimmer 2), mertail
a: no special abilities


You were on level 2 of the Dungeon.
You visited 1 branch of the dungeon, and saw 2 of its levels.

You collected 40 gold pieces.

Inventory:

Hand Weapons
 d - a +0 dagger
 j - a +0 short sword (weapon)
Missiles
 h - 9 stones
Armour
 a - a +0 robe (worn)
 c - a +0 helmet (worn)
 i - a +0 pair of boots (worn)
Talismans
 k - a maw talisman
Scrolls
 m - a scroll of noise {unknown}
Potions
 b - a potion of magic
 e - a potion of heal wounds {unknown}
 f - a potion of resistance {unknown}
 g - a potion of haste {unknown}
 l - a potion of enlightenment {unknown}


   Skills:
 + Level 1.5 Fighting
 + Level 3.4 Dodging
 - Level 3.0 Stealth
 + Level 2.5 Spellcasting
 + Level 4.3 Summonings
 + Level 0.7 Shapeshifting


You had 5 spell levels left.
You knew the following spells:

 Your Spells              Type           Power      Damage    Failure   Level
a - Summon Small Mammal   Summ           60%        N/A       3%          1
b - Call Imp              Summ           30%        N/A       4%          2

Your spell library contained the following spells:

 Spells                   Type           Power      Damage    Failure   Level
 Call Canine Familiar     Summ           15%        N/A       10%         3
 Summon Guardian Golem    Hex/Summ       8%         N/A       24%         3
 Summon Lightning Spire   Summ/Air       8%         N/A       63%         4


Dungeon Overview and Level Annotations

Branches:
Dungeon (2/15)

Altars:


Innate Abilities, Weirdness & Mutations

((You are very nimble when in or above water. (Stealth+, EV+, Speed+++)))
Your lower body shifts to a powerful aquatic tail in water.


Message History

You barely miss the gnoll. The gnoll hits you with a +0 flail.
Your quokka bites the gnoll.
The gnoll closely misses you.
Your cerulean imp hits the gnoll but does no damage.
You barely miss the gnoll.
Your quokka bites the gnoll.
The gnoll hits you with a +0 flail.
Your cerulean imp hits the gnoll with a -3 spear.
The gnoll barely misses you.
Your quokka barely misses the gnoll.
You barely miss the gnoll.
The gnoll is moderately wounded.
The gnoll hits you with a +0 flail.
Your quokka bites the gnoll.
The gnoll closely misses you.
Your cerulean imp barely misses the gnoll.
You hit the gnoll.
The gnoll is moderately wounded.
The gnoll hits your quokka with a +0 flail!
Your quokka dies!
Your quokka's corpse disappears in a puff of smoke!
The gnoll closely misses you.
Your cerulean imp hits the gnoll but does no damage.
You closely miss the gnoll.
The gnoll is moderately wounded.
The gnoll shouts!
The gnoll barely misses you. The gnoll closely misses you.
Your cerulean imp hits the gnoll with a -3 spear.
You closely miss the gnoll. You punch the gnoll.
The gnoll is heavily wounded.
The gnoll barely misses you. The gnoll closely misses you.
Your cerulean imp closely misses the gnoll.
You hit the gnoll.
The gnoll is almost dead.
The gnoll hits you with a +0 flail! The gnoll hits you with a +0 club.
* * * LOW HITPOINT WARNING * * *
Your cerulean imp hits the gnoll with a -3 spear.
The gnoll dies!
Training target 3.0 for Stealth reached!
Your Stealth skill increases to level 3!
Casting: Summon Small Mammal (safe; 3% risk of failure)
Confirm with . or Enter, or press ? or * to list all spells.
The gnoll hits you with a +0 flail!
You die...

.##..##.# #)#.#.#.#.#
........####.##......###
.......................'....
###...####.#####....####....
#..## #.# #.#.## .. #... #.#
##...# ##.# #.# ##....###
#.# #.# #.......# #. #.#
#..@)5..# g# ..# #..g....#
.# ##..r.### g## ##.ยง.#
.g## ##.###### ...# #...r5.#
..# ######g#####.####
#...ggg..... #######.####


You could see a gnoll (ally target), a friendly cerulean imp (summoned) and a
friendly rat (summoned).

Vanquished Creatures
  3 dart slugs
  A ball python (D:2)
  4 endoplasms
  A giant cockroach (D:1)
  3 goblins
  A hobgoblin (D:1)
  A jackal (D:1)
  3 quokkas (D:1)
  A bat (D:1)
  2 kobolds
  A rat (D:1)
21 creatures vanquished.

Vanquished Creatures (collateral kills)
  3 gnolls (D:2)
  A ball python (D:1)
  A bat (D:1)
  A giant cockroach (D:1)
  A goblin (D:1)
  A jackal (D:1)
  A quokka (D:1)
  A frilled lizard (D:1)
  A kobold (D:1)
  A rat (D:1)
12 creatures vanquished.

Grand Total: 33 creatures vanquished

Notes
Turn   | Place    | Note
-------+----------+-------------------------------------------
     0 | D:1      | Lobster4 the Merfolk Summoner began the quest for the Orb.
     0 | D:1      | Reached XP level 1. HP: 13/13 MP: 3/3
   122 | D:1      | Reached XP level 2. HP: 11/20 MP: 5/5
   397 | D:1      | Reached skill level 1 in Fighting
   514 | D:1      | Reached XP level 3. HP: 18/26 MP: 3/6
   626 | D:1      | Learned a level 2 spell: Call Imp
  1124 | D:2      | Reached XP level 4. HP: 32/32 MP: 1/7
  1131 | D:2      | Slain by a gnoll

Illustrated notes

Levels and vault maps discovered:
D:1:      co_arrival_square_in_a_square_in_a_square, layout_rooms, st_stairs_9,
          nicolae_twisty_statue_hallways
D:2:      layout_loops_corners, uniq_jessica

Skill      XL: |  1  2  3  4 |
---------------+-------------+-----
Dodging        | 3 |  3.4
Fighting       | 1 |  1.5
Stealth        | 3 |  3.0
Spellcasting   | |  2.5
Summonings     | |  4.3
Shapeshifting  | |  0.7

Action                     |  1- 3 |  4- 6 || total
---------------------------+-------+-------++-------
  Melee: Dagger            |    98 |       ||    98
         Punch             |     4 |     1 ||     5
         Short sword       |    31 |     7 ||    38
   Cast: Summon Small Mamm |    18 |     1 ||    19
         Call Imp          |     4 |       ||     4
   Stab: Sleeping          |     5 |       ||     5
         Distracted        |     1 |       ||     1
 Armour: Robe              |    73 |     6 ||    79
  Dodge: Dodged            |    86 |     8 ||    94

Table legend: (Time is in decaauts)
 A = Elapsed time spent in this place.
 B = Non-inter-level travel time spent in this place.
 C = Inter-level travel time spent in this place.
 D = Time resting spent in this place.
 E = Time spent auto-exploring this place.
 F = Levels seen in this place.
 G = Mean time per level.
                   A        B        C        D        E       F      G
               +--------+--------+--------+--------+--------+-----+--------+
         Total |   1129 |   1072 |     57 |     11 |    677 |   2 |  564.5 |
       Dungeon |   1129 |   1072 |     57 |     11 |    677 |   2 |  564.5 |
               +--------+--------+--------+--------+--------+-----+--------+

Top non-repeatable levels by time:
     D:1: 932 daAuts
     D:2: 197 daAuts
